 Dungeon Crawl Stone Soup version 0.17-a0-1545-gc1bb672 (webtiles) character file.

99 Lathuz the Cudgeler (level 4, -1/28 HPs)
             Began as a Gargoyle Fighter on July 18, 2015.
             Slain by an ooze (3 damage)
             ... on level 3 of the Dungeon.
             The game lasted 00:03:51 (2169 turns).

Lathuz the Cudgeler (Gargoyle Fighter)              Turns: 2169, Time: 00:03:52

Health: -1/28      AC: 10    Str: 20    XL:     4   Next: 72%
Magic:  4/4        EV:  7    Int:  8    God:
Gold:   41         SH:  9    Dex: 10    Spells: 0 memorised, 3 levels left

rFire  . . .     SeeInvis .     a - +0 flail
rCold  . . .     Clarity  .     b - +0 scale mail
rNeg   + . .     SustAt   .     c - +0 shield
rPois  ∞         Gourm    .     (no helmet)
rElec  +         Spirit   .     (no cloak)
rCorr  .         Warding  .     (no gloves)
rMut   .         Stasis   .     (no boots)
MR     .....                    (no amulet)
Stlth  ..........               (no ring)
                                (no ring)

@: not resistant to hostile enchantments, extremely unstealthy
A: negative energy resistance 1, electricity resistance, unbreathing,
petrification resistance, rot immunity, AC +3
a: no special abilities


You were on level 3 of the Dungeon.
You were not hungry.

You visited 1 branch of the dungeon, and saw 3 of its levels.

You collected 41 gold pieces.

Inventory:

Hand weapons
 a - a +0 flail (weapon)
Missiles
 k - 52 stones (quivered)
 r - 4 javelins
Armour
 b - a +0 scale mail (worn)
 c - a +0 shield (worn)
 m - a cursed +0 cloak
Jewellery
 g - an uncursed ring of stealth {unknown}
 j - a cursed amulet of warding {unknown}
Scrolls
 h - 2 scrolls of remove curse {unknown}
 i - a scroll of identify {unknown}
 l - a scroll of amnesia {unknown}
 n - a scroll of teleportation {unknown}
 q - a scroll of enchant armour {unknown}
Potions
 d - a potion of might
 f - a potion of cancellation {unknown}
 p - a potion of resistance {unknown}
 t - a potion of agility {unknown}
Comestibles
 e - 3 bread rations
 o - a meat ration
 s - a chunk of flesh
 u - a beef jerky


   Skills:
 - Level 3.2 Fighting
 + Level 4.7 Maces & Flails
 - Level 3.2 Armour
 - Level 3.2 Shields


You had 3 spell levels left.
You didn't know any spells.

Dungeon Overview and Level Annotations

Branches:
Dungeon (3/15)

Altars:

Annotations:
D:3 George's ghost, average MiFi


Innate Abilities, Weirdness & Mutations

You are resistant to torment.
Your stone body is resilient (AC +3).
You are immune to poison.
You resist negative energy.
You are resistant to electric shocks.
You can survive without breathing.
You are immune to petrification.
You are immune to rotting.


Message History

You hit George's ghost.
George's ghost is moderately damaged.
The ooze hits you but does no damage. George's ghost hits you!
An orc comes into view. It is wielding a whip.
The orc shouts!
You hit George's ghost.
George's ghost is heavily damaged.
The ooze hits you but does no damage. George's ghost hits you.
* * * LOW HITPOINT WARNING * * *
You are too injured to fight recklessly!
You are too injured to fight recklessly!
You are too injured to fight recklessly!
You are too injured to fight recklessly!
George's ghost hits you.
* * * LOW HITPOINT WARNING * * *
You hit George's ghost but do no damage.
George's ghost is heavily damaged.
You block the ooze's attack. George's ghost barely misses you.
The ooze hits you.
You die...

##### #.# .....#### .#
... ##......# #...# #.#
........# #>..# #.#
......# #...# #.# #..<.#
#...# #.#
#..#.)..#######...#####..
#..o..[J#...............#
..##..oW@...............#
#......##...............#
##..... #######...#####.#
#.#.## #...# #.# # #.
#...# #.. # #...# ###
#...# ....#######
##......#...


You could see George's ghost, an ooze and 2 orcs.

Vanquished Creatures
  Robin (D:2)
  3 adders
  A worm (D:3)
  3 giant geckos
  A ball python (D:1)
  A giant cockroach (D:1)
  21 goblins
  6 hobgoblins
  4 jackals (D:1)
  5 bats
  2 kobolds
  5 rats
53 creatures vanquished.

Notes
Turn   | Place    | Note
--------------------------------------------------------------
     0 | D:1      | Lathuz the Gargoyle Fighter began the quest for the Orb.
     0 | D:1      | Reached XP level 1. HP: 14/14 MP: 1/1
   151 | D:1      | Reached XP level 2. HP: 19/19 MP: 2/2
   444 | D:1      | Reached XP level 3. HP: 15/23 MP: 3/3
  1014 | D:2      | Reached skill level 4 in Maces & Flails
  1384 | D:2      | Noticed Robin
  1398 | D:2      | Reached XP level 4. HP: 28/28 MP: 4/4
  1416 | D:2      | Killed Robin
  2161 | D:3      | Noticed George's ghost (average MiFi)
  2169 | D:3      | Slain by an ooze

Vault maps used:
D:1:      mrwooster_arrival_statue, minmay_fountain_box
D:2:      first_bread, uniq_robin

Action                   |  1- 3 |  4- 6 || total
-------------------------+-------+-------++-------
Melee: Flail             |   128 |    55 ||   183
  Eat: Chunk             |     2 |     2 ||     4
